 Dungeon Crawl Stone Soup version 0.30-a0-847-g17996783a1 (webtiles) character file.

Game seed: 16885206496133703107

19 ders the Magician (level 2, -2/21 HPs)
             Began as a Djinni Conjurer on Mar 3, 2023.
             Slain by a gnoll
             ... wielding a +0 whip
              (5 damage)
             ... on level 1 of the Dungeon.
             The game lasted 00:00:30 (401 turns).

ders the Magician (Djinni Conjurer)                  Turns: 401, Time: 00:00:31

Health: -2/21      AC:  2    Str:  6    XL:     2   Next: 95%
Gold:   33         EV: 12    Int: 19    God:
                   SH:  0    Dex: 11

rFire   + + .      SeeInvis .    (no weapon)
rCold   x . .      Faith    .    (no shield)
rNeg    . . .      Spirit   .    a - +0 robe
rPois   ∞          Reflect  .    (no helmet)
rElec   .          Rampage  .    (no cloak)
rCorr   .                        (no gloves)
Will    .....                    (boots unavailable)
Stlth   ++                       (no amulet)
HPRegen 0.23/turn                (no ring)
MPRegen 0.00/turn                (no ring)

@: flying, very slightly contaminated
A: sickness immunity, fire resistance 2, cold vulnerability 1, float, innate
caster, HP casting, extra vitality 1
a: no special abilities


You were on level 1 of the Dungeon.
You visited 1 branch of the dungeon, and saw 1 of its levels.

You collected 33 gold pieces.

Inventory:

Armour
 a - a +0 robe (worn)
Jewellery
 f - a +6 ring of intelligence
Scrolls
 b - a scroll of identify {unknown}
 d - a scroll of teleportation {unknown}
 h - a scroll of immolation {unknown}
Potions
 c - a potion of curing {unknown}
 e - a potion of invisibility {unknown}
 g - a potion of berserk rage {unknown}


   Skills:
 + Level 2.7 Dodging
 + Level 2.0 Stealth
 + Level 3.4 Spellcasting


You knew the following spells:

 Your Spells              Type           Power      Damage    Failure   Level
a - Magic Dart            Conj           64%        1d6       3%          1
b - Searing Ray           Conj           32%        2d5       5%          2
c - Dazzling Flash        Conj/Hex       32%        N/A       11%         3
d - Fulminant Prism       Conj/Hex       8%         3d7       34%         4
e - Iskenderun's Mystic   Conj/Tloc      16%        2d5       34%         4
Your spell library was empty.

Dungeon Overview and Level Annotations

Branches:
Dungeon (1/15)

Altars:


Innate Abilities, Weirdness & Mutations

You are immune to sickness and miasma.
You are immune to poison.
Your flesh is very heat resistant. (rF++)
You are vulnerable to cold. (rC-)
You float through the air rather than walking.
You learn spells naturally, not from books.
Your magical power is your life essence.
You have superior vitality. (+4 MHP)


Message History

Casting: Magic Dart (safe; 3% risk of failure)
Confirm with . or Enter, or press ? or * to list all spells.
Aiming: Magic Dart (safe; 3% risk of failure)
Press: ? - help, Shift-Dir - straight line, f/p - gnoll
Aim: a gnoll, wielding a +0 whip (moderately wounded, 100% to hit)
The magic dart hits the gnoll.
The gnoll is moderately wounded.
Unknown command.
Casting: Magic Dart (safe; 3% risk of failure)
Confirm with . or Enter, or press ? or * to list all spells.
Aiming: Magic Dart (safe; 3% risk of failure)
Press: ? - help, Shift-Dir - straight line, f/p - gnoll
Aim: a gnoll, wielding a +0 whip (moderately wounded, 100% to hit)
The magic dart hits the gnoll.
The gnoll is heavily wounded.
Unknown command.
The gnoll hits you with a +0 whip!
Casting: Magic Dart (safe; 3% risk of failure)
Confirm with . or Enter, or press ? or * to list all spells.
Aiming: Searing Ray (safe; 5% risk of failure)
Press: ? - help, Shift-Dir - straight line, f/p - gnoll
Aim: a gnoll, wielding a +0 whip (heavily wounded, 81% to hit)
The searing ray hits the gnoll.
The gnoll is almost dead. (Press . to maintain the ray.)
* * * LOW HITPOINT WARNING * * *
The gnoll hits you with a +0 whip.
* * * LOW HITPOINT WARNING * * *
Unknown command.
Casting: Searing Ray (safe; 5% risk of failure)
Confirm with . or Enter, or press ? or * to list all spells.
Restarting spell: Searing Ray (safe; 5% risk of failure)
Press: ? - help, Shift-Dir - straight line, f/p - gnoll
Aim: a gnoll, wielding a +0 whip (almost dead, 81% to hit)
You miscast Searing Ray.
You are very lightly contaminated with residual magic.
Nothing appears to happen.
* * * LOW HITPOINT WARNING * * *
The gnoll hits you with a +0 whip.
You die...

####..##.##
#..##.###
#.......######
#.###.........
#...######
##...#
##.#..####
#>###.....
##@...####
#.....g...[....
#.###...##..###
##..# .....
##.. ... .). ##
..# .##


You could see a gnoll.

Vanquished Creatures
  A dart slug (D:1)
  3 goblins (D:1)
  A hobgoblin (D:1)
  5 ball pythons (D:1)
  4 bats (D:1)
  2 kobolds (D:1)
16 creatures vanquished.

Notes
Turn   | Place    | Note
-------+----------+-------------------------------------------
     0 | D:1      | ders the Djinni Conjurer began the quest for the Orb.
     0 | D:1      | ders set off with the following spells memorised: Magic
                  | Dart, Searing Ray, Dazzling Flash, Fulminant Prism,
                  | Iskenderun's Mystic Blast.
     0 | D:1      | Reached XP level 1. HP: 15/15 MP: 0/0
   163 | D:1      | Reached XP level 2. HP: 16/21 MP: 0/0
   401 | D:1      | Slain by a gnoll

Illustrated notes

Levels and vault maps discovered:
D:1:      roderic_octagonal_star, layout_loops_ring, minmay_cupped

Skill      XL: |  1  2 |
---------------+-------+-----
Stealth        | 2 |  2.0
Dodging        | |  2.7
Spellcasting   | |  3.4

Action                     || total
---------------------------++-------
   Cast: Magic Dart        ||    32
         Searing Ray       ||     1
 Armour: Robe              ||     1
  Dodge: Dodged            ||     1

Table legend: (Time is in decaauts)
 A = Elapsed time spent in this place.
 B = Non-inter-level travel time spent in this place.
 C = Inter-level travel time spent in this place.
 D = Time resting spent in this place.
 E = Time spent auto-exploring this place.
 F = Levels seen in this place.
 G = Mean time per level.
                   A        B        C        D        E       F      G
               +--------+--------+--------+--------+--------+-----+--------+
         Total |    401 |    401 |      0 |      0 |    340 |   1 |  401.0 |
       Dungeon |    401 |    401 |      0 |      0 |    340 |   1 |  401.0 |
               +--------+--------+--------+--------+--------+-----+--------+

Top non-repeatable levels by time:
     D:1: 401 daAuts
